 Dungeon Crawl Stone Soup version 0.20.0-8-g6b59dc7 (webtiles) character file.

2153 Darkell the Carver (level 9, -2/54 HPs)
             Began as a Tengu Gladiator on May 29, 2017.
             Was a Follower of Nemelex Xobeh.
             Slain by a wight
             ... wielding a cursed +3 battleaxe of freezing
              (6 damage)
             ... on level 7 of the Dungeon.
             The game lasted 00:10:43 (8306 turns).

Darkell the Carver (Tengu Gladiator)                Turns: 8306, Time: 00:10:44

Health: -2/54      AC:  4    Str: 19    XL:     9   Next: 31%
Magic:  0/13       EV: 13    Int:  8    God:    Nemelex Xobeh [*.....]
Gold:   361        SH:  0    Dex: 15    Spells: 8/8 levels left

rFire    . . .     SeeInvis .   x - +0 great sword (curse)
rCold    . . .     Gourm    .   (shield currently unavailable)
rNeg     . . .     Faith    .   b - +0 leather armour
rPois    .         Spirit   +   c - +1 hat
rElec    .         Reflect  .   (no cloak)
rCorr    .         Harm     .   (no gloves)
MR       .....                  (boots unavailable)
Stlth    ++........             m - amulet of guardian spirit
Regen    0.2/turn               (no ring)
MPRegen  0.2/turn               (no ring)

@: heavily drained
A: beak, talons 3, able to fly 1
a: Fly, Renounce Religion


You were on level 7 of the Dungeon.
You worshipped Nemelex Xobeh.
Nemelex Xobeh was aware of your devotion.
You were not hungry.

You visited 2 branches of the dungeon, and saw 8 of its levels.

You collected 361 gold pieces.

Inventory:

Hand Weapons
 a - a +1 long sword
 x - a cursed +0 great sword (weapon)
Missiles
 d - 3 throwing nets (quivered)
Armour
 b - a +0 leather armour (worn)
 c - a +1 hat (worn)
 u - the +2 robe of Springtime {rPois rF+ MR++ Str-5}
   (You found it on level 4 of the Dungeon)

   It affects your strength (-5).
   It protects you from fire.
   It protects you from poison.
   It affects your resistance to hostile enchantments.
 D - a +0 buckler
Jewellery
 m - an amulet of guardian spirit (around neck)
 v - an uncursed amulet of magic regeneration {unknown}
 y - an uncursed amulet of harm {unknown}
Wands
 k - a wand of random effects (24/48)
 z - a wand of lightning (3/15)
 B - a wand of acid (8/15)
 I - a wand of flame (41/48)
Scrolls
 g - 4 scrolls of enchant armour
 h - 4 scrolls of teleportation
 o - 9 scrolls of identify
 p - 2 scrolls of recharging
 r - a scroll of random uselessness {unknown}
 t - a scroll of noise {unknown}
 w - 2 scrolls of blinking {unknown}
 A - 2 scrolls of remove curse {unknown}
 E - 3 scrolls of amnesia {unknown}
 H - a scroll of immolation {unknown}
Potions
 e - 2 potions of haste {unknown}
 i - 3 potions of might
 j - a potion of brilliance {unknown}
 l - 4 potions of curing
 n - a potion of berserk rage
 s - a potion of agility
 C - a potion of resistance {unknown}
 G - a potion of invisibility {unknown}
Miscellaneous
 F - a plain deck of escape
Comestibles
 f - a bread ration
 q - 3 meat rations


   Skills:
 + Level 5.0(3.1) Fighting
 + Level 8.5(6.4) Long Blades
 + Level 2.1(0.3) Throwing
 + Level 4.4(2.5) Armour
 + Level 5.7(3.7) Dodging
 + Level 3.4(1.6) Stealth
 + Level 1.4(0.0) Shields
 * Level 4.2(2.3) Evocations


You had 8 spell levels left.
You didn't know any spells.

Dungeon Overview and Level Annotations

Branches:
Dungeon (7/15)             Temple (1/1) D:5

Altars:
Ashenzari
Cheibriados
Dithmenos
Elyvilon
Fedhas
Gozag
Kikubaaqudgha
Makhleb
Nemelex Xobeh
Okawaru
Qazlal
Sif Muna
Trog
Uskayaw
Vehumet
Xom
Yredelemnul
Zin
The Shining One


Innate Abilities, Weirdness & Mutations

You have a beak for a mouth.
You have claws for feet.
You can fly.


Message History

The wight hits you but does no damage.
You closely miss the wight. You peck the wight.
The wight is moderately damaged.
The wight hits you with a battleaxe of freezing.
You feel drained. The wight freezes you.
You closely miss the wight. You claw the wight. Your peck misses the wight.
The wight is moderately damaged.
The wight misses you.
You riposte.
You slash the wight! Your kick misses the wight.
The wight is almost destroyed.
You barely miss the wight. Your kick misses the wight.
Your peck misses the wight.
The wight is almost destroyed.
The wight hits you with a battleaxe of freezing!
* * * LOW HITPOINT WARNING * * *
The wight freezes you!
* * * LOW HITPOINT WARNING * * *
The wight hits you with a battleaxe of freezing!
You die...
Your body disappears without a glow.

. ....###...........
#.##..###..##....#.. .....
#.###..#..###..#..# .......
###..##.....##..## ...
$...... #.................
..
.......##..##.........##.. .
.......#..####..._...## #.
.$.........##.........# .
..........).z@..............
.............##.....##......
.......)....###..#..# #.###.
.......#....##..###..# .#
.......##.......###.... #
....... #.....#..#...##
......##...#.........#
...... #.####........
.....##.. .........


You could see a wight.

Vanquished Creatures
  The ghost of SedStubbie the Skirmisher, a novice OpWz (D:6)
  Sigmund (D:6)
  A phantom (D:5)
  3 ogres
  A centaur (D:5)
  A bullfrog (D:6)
  2 scorpions (D:4)
  A water moccasin skeleton (D:5)
  5 wights (D:7)
  2 crimson imps
  A quasit (D:6)
  4 hounds
  2 jellies (D:7)
  A centaur zombie (D:7)
  3 orc wizards
  An iguana (D:6)
  5 worker ants
  A howler monkey zombie (D:5)
  5 adders
  3 gnolls (D:2)
  2 shadow imps
  4 oozes
  4 dart slugs (D:2)
  2 leopard geckos
  18 orcs
  12 bats
  8 giant cockroaches
  4 goblins
  5 hobgoblins
  8 jackals
  6 quokkas
  2 ball pythons
  4 frilled lizards
  A jackal skeleton (D:4)
  A jackal zombie (D:5)
  4 kobolds
  4 rats
133 creatures vanquished.

Notes
Turn   | Place    | Note
-------+----------+-------------------------------------------
     0 | D:1      | Darkell the Tengu Gladiator began the quest for the Orb.
     0 | D:1      | Reached XP level 1. HP: 12/12 MP: 2/2
   101 | D:1      | Reached XP level 2. HP: 17/17 MP: 3/3
   674 | D:1      | Reached XP level 3. HP: 14/21 MP: 1/4
   909 | D:2      | Reached skill level 4 in Long Blades
  1108 | D:2      | Reached XP level 4. HP: 20/26 MP: 5/5
  1149 | D:2      | Reached skill level 1 in Armour
  1666 | D:2      | Gained mutation: You can fly. [Tengu growth]
  1666 | D:2      | Reached XP level 5. HP: 21/31 MP: 4/6
  2208 | D:3      | Reached skill level 1 in Stealth
  2874 | D:4      | Noticed an ogre
  3132 | D:3      | Killed an ogre
  3132 | D:3      | Reached skill level 5 in Long Blades
  3132 | D:3      | Reached XP level 6. HP: 27/36 MP: 4/7
  3224 | D:4      | Got a dull robe
  3235 | D:4      | Identified the +2 robe of Springtime {rPois rF+ MR++ Str-5} (You found it on level 4 of the Dungeon)
  3708 | D:4      | Found a shimmering altar of Xom.
  4285 | D:5      | Entered Level 5 of the Dungeon
  4328 | D:5      | Reached skill level 5 in Dodging
  4328 | D:5      | Reached XP level 7. HP: 17/41 MP: 4/8
  4680 | D:5      | Reached skill level 6 in Long Blades
  4804 | D:5      | Found a staircase to the Ecumenical Temple.
  4922 | Temple   | Entered the Ecumenical Temple
  4932 | Temple   | Became a worshipper of Nemelex Xobeh the Trickster
  4997 | D:5      | Found an opulent altar of Gozag.
  5201 | D:5      | Reached skill level 1 in Evocations
  5402 | D:5      | Received a gift from Nemelex Xobeh
  6223 | D:6      | Reached XP level 8. HP: 44/48 MP: 10/10
  6418 | D:6      | Reached skill level 7 in Long Blades
  6434 | D:6      | Noticed SedStubbie's ghost (novice OpWz)
  6755 | D:6      | Noticed Sigmund
  6769 | D:6      | Killed Sigmund
  6891 | D:6      | Found a burning altar of Makhleb.
  6944 | D:6      | Killed SedStubbie's ghost
  6944 | D:6      | Reached skill level 8 in Long Blades
  6944 | D:6      | Reached skill level 1 in Shields
  6944 | D:6      | Reached XP level 9. HP: 19/52 MP: 10/12
  7447 | D:6      | Found a glowing silver altar of Zin.
  7975 | D:7      | Found a shadowy altar of Dithmenos.
  7976 | D:7      | Reached * piety under Nemelex Xobeh
  8285 | D:7      | Reached skill level 5 in Fighting
  8306 | D:7      | Slain by a wight

Skill      XL: |  1  2  3  4  5  6  7  8  9 |
---------------+----------------------------+-----
Long Blades    | 4 5 6 8 |  8.5
Dodging        | 4 5 |  5.7
Armour         | 1 2 3 4 |  4.4
Stealth        | 1 2 3 |  3.4
Fighting       | 3 4 5 |  5.0
Evocations     | 2 3 4 |  4.2
Shields        | 1 |  1.4
Throwing       | |  2.1

Action                   |  1- 3 |  4- 6 |  7- 9 || total
-------------------------+-------+-------+-------++-------
Melee: Long sword        |    66 |   123 |   139 ||   328
       Peck              |     9 |    25 |    48 ||    82
       Kick              |    22 |    45 |    63 ||   130
       Great sword       |       |       |    25 ||    25
Evoke: Wand              |       |       |     3 ||     3
  Use: Potion            |       |     4 |     5 ||     9
       Scroll            |       |       |     6 ||     6
 Stab: Sleeping          |     2 |     3 |     2 ||     7
  Eat: Chunk             |       |     7 |     7 ||    14
       Royal jelly       |       |     1 |       ||     1
       Meat ration       |       |       |     1 ||     1
       Bread ration      |       |       |     1 ||     1
Armor: Leather armour    |    21 |    32 |    13 ||    66
Dodge: Dodged            |    81 |   126 |    91 ||   298
Block: Buckler           |       |       |    17 ||    17
       Rpst.: Long sword |    21 |    45 |    24 ||    90
       Great sword       |       |       |     6 ||     6
